PAA
SPRINGFIELD SHOOTERS @ CHESAPEAKE CONTINENTALS
07/10/2031
 
TOP OF THE 1ST
Springfield Shooters batting - Pitching for Chesapeake Continentals : RHP Andrew Prieto
Pitching: RHP Andrew Prieto
Batting: RHB Sébastien Bernard 0-0: Called Strike
0-1: Called Strike
0-2: Ball
1-2: Ground out 4-3 (Groundball, 4M)
Batting: RHB Eun-bum Kim 0-0: Called Strike
0-1: Ball
1-1: Called Strike
1-2: Ball
2-2: Ball
3-2: Strikes out swinging
Batting: LHB Marshall Willis 0-0: Ball
1-0: Called Strike
1-1: Ground out 5-3 (Groundball, 56)
Top of the 1st over - 0 runs, 0 hits, 0 errors, 0 left on base; Springfield 0 - Chesapeake 0
BOTTOM OF THE 1ST
Chesapeake Continentals batting - Pitching for Springfield Shooters : RHP Tony DeWitt
Pitching: RHP Tony DeWitt
Batting: RHB Santiago Valentín 0-0: Called Strike
0-1: Called Strike
0-2: Ball
1-2: SINGLE (Line Drive, 8LS)
Batting: RHB Dani Durán 0-0: Foul Ball, location: 2F
0-1: Ball
1-1: Ball
2-1: Fly out, F7 (Flyball, 7)
Batting: RHB Arturo Scantlebury 0-0: Ball
1-0: SINGLE (Flyball, 9S)
Santiago Valentín to second
Runner from 2nd tries for 3rd, SAFE, no throw
Batting: SHB Peer van Lochem 0-0: Ball
1-0: DOUBLE (Line Drive, 9LD)
Santiago Valentín scores
Arturo Scantlebury to third
Batting: RHB Brian Moring 0-0: Ball
1-0: Foul Ball, location: 2F
1-1: Swinging Strike
1-2: 3-RUN HOME RUN (Flyball, 7LD), Distance : 358 ft
Batting: LHB Bartholomew Bailey 0-0: Called Strike
0-1: Ball
1-1: Ground out 6-3 (Groundball, 6)
Batting: LHB Mathias Gudmestad 0-0: Ball
1-0: Ground out 3-1 (Groundball, 34S)
Bottom of the 1st over - 4 runs, 4 hits, 0 errors, 0 left on base; Springfield 0 - Chesapeake 4
TOP OF THE 2ND
Springfield Shooters batting - Pitching for Chesapeake Continentals : RHP Andrew Prieto
Batting: RHB Fletcher Megarity 0-0: SINGLE (Groundball, 4MD)
Batting: RHB Barrett Drury 0-0: Ball
Fletcher Megarity is caught stealing 2nd base
1-0: Ground out 4-3 (Groundball, 4)
Batting: RHB Tony Martínez 0-0: Ball
1-0: Called Strike
1-1: Ball
2-1: Swinging Strike
2-2: Foul Ball, location: 2F
2-2: Strikes out swinging
Top of the 2nd over - 0 runs, 1 hit, 0 errors, 0 left on base; Springfield 0 - Chesapeake 4
BOTTOM OF THE 2ND
Chesapeake Continentals batting - Pitching for Springfield Shooters : RHP Tony DeWitt
Batting: RHB Otton Dis 0-0: Ball
1-0: Foul Ball, location: 2F
1-1: Ball
2-1: Fly out, F9 (Flyball, 9S)
Batting: RHB Phil Oostermeer 0-0: Swinging Strike
0-1: Foul Ball, location: 2F
0-2: Strikes out swinging
Batting: RHB Santiago Valentín 0-0: Fly out, F9 (Flyball, 9)
Bottom of the 2nd over - 0 runs, 0 hits, 0 errors, 0 left on base; Springfield 0 - Chesapeake 4
TOP OF THE 3RD
Springfield Shooters batting - Pitching for Chesapeake Continentals : RHP Andrew Prieto
Batting: RHB Miguel Elías 0-0: Ball
1-0: Ball
2-0: Fly out, F4 (Flyball, 34D)
Batting: RHB Stephen Chávez 0-0: Called Strike
0-1: Ground out 6-3 (Groundball, 6)
Batting: RHB Young-hoon Im 0-0: SINGLE (Groundball, 34S) (infield hit)
Batting: RHB Sébastien Bernard 0-0: SINGLE (Groundball, 3D)
Young-hoon Im to second
Batting: RHB Eun-bum Kim 0-0: Ball
1-0: 3-RUN HOME RUN (Flyball, 7LD), Distance : 382 ft
Batting: LHB Marshall Willis 0-0: Ball
1-0: Foul Ball, location: 2F
1-1: Fly out, F7 (Flyball, 78D)
Top of the 3rd over - 3 runs, 3 hits, 0 errors, 0 left on base; Springfield 3 - Chesapeake 4
BOTTOM OF THE 3RD
Chesapeake Continentals batting - Pitching for Springfield Shooters : RHP Tony DeWitt
Batting: RHB Dani Durán 0-0: Ball
1-0: Foul Ball, location: 2F
1-1: SINGLE (Line Drive, 9LS)
Batting: RHB Arturo Scantlebury 0-0: Swinging Strike
0-1: Ball
1-1: Fly out, F2 (Popup, 25F)
Batting: SHB Peer van Lochem 0-0: Ball
Dani Durán is caught stealing 2nd base
1-0: Ball
2-0: Called Strike
2-1: Ball
3-1: Base on Balls
Batting: RHB Brian Moring 0-0: Called Strike
0-1: Ball
1-1: Foul Ball, location: 2F
1-2: Ball
2-2: Strikes out looking
Bottom of the 3rd over - 0 runs, 1 hit, 0 errors, 1 left on base; Springfield 3 - Chesapeake 4
TOP OF THE 4TH
Springfield Shooters batting - Pitching for Chesapeake Continentals : RHP Andrew Prieto
Batting: RHB Fletcher Megarity 0-0: Ball
1-0: Swinging Strike
1-1: Foul Ball, location: 2F
1-2: Strikes out swinging
Batting: RHB Barrett Drury 0-0: Ball
1-0: Ball
2-0: Called Strike
2-1: Ball
3-1: Base on Balls
Batting: RHB Tony Martínez 0-0: Ball
1-0: Ball
2-0: Called Strike
2-1: Foul Ball, location: 2F
2-2: Ball
3-2: Fly out, F8 (Flyball, 8LM)
Batting: RHB Miguel Elías 0-0: Fly out, F9 (Flyball, 9)
Top of the 4th over - 0 runs, 0 hits, 0 errors, 1 left on base; Springfield 3 - Chesapeake 4
BOTTOM OF THE 4TH
Chesapeake Continentals batting - Pitching for Springfield Shooters : RHP Tony DeWitt
Batting: LHB Bartholomew Bailey 0-0: Ball
1-0: Ball
2-0: Called Strike
2-1: Swinging Strike
2-2: Strikes out looking
Batting: LHB Mathias Gudmestad 0-0: Ball
1-0: Ball
2-0: Ball
3-0: Base on Balls
Batting: RHB Otton Dis 0-0: Ball
Mathias Gudmestad is caught stealing 2nd base
1-0: Ball
2-0: Called Strike
2-1: SINGLE (Line Drive, 4MD)
Batting: RHB Phil Oostermeer 0-0: Ball
1-0: Foul Ball, location: 2F
1-1: Ball
2-1: Ball
3-1: Base on Balls
Otton Dis to second
Batting: RHB Santiago Valentín 0-0: Foul Ball, location: 2F
0-1: Swinging Strike
0-2: Strikes out looking
Bottom of the 4th over - 0 runs, 1 hit, 0 errors, 2 left on base; Springfield 3 - Chesapeake 4
TOP OF THE 5TH
Springfield Shooters batting - Pitching for Chesapeake Continentals : RHP Andrew Prieto
Batting: RHB Stephen Chávez 0-0: Swinging Strike
0-1: Swinging Strike
0-2: Ball
1-2: Strikes out swinging
Batting: RHB Young-hoon Im 0-0: Foul Ball, location: 2F
0-1: Ball
1-1: Called Strike
1-2: Strikes out swinging
Batting: RHB Sébastien Bernard 0-0: SINGLE (Groundball, 56S) (infield hit)
Batting: RHB Eun-bum Kim 0-0: Called Strike
Sébastien Bernard steals 2nd base
0-1: Foul Ball, location: 2F
0-2: Ball
1-2: Ground out 6-3 (Groundball, 56)
Top of the 5th over - 0 runs, 1 hit, 0 errors, 1 left on base; Springfield 3 - Chesapeake 4
BOTTOM OF THE 5TH
Chesapeake Continentals batting - Pitching for Springfield Shooters : RHP Tony DeWitt
Batting: RHB Dani Durán 0-0: Ball
1-0: Foul Ball, location: 2F
1-1: Called Strike
1-2: Ball
2-2: Ground out 6-3 (Groundball, 6M)
Batting: RHB Arturo Scantlebury 0-0: Ball
1-0: Reached on error, E5 (Groundball, 56)
Batting: SHB Peer van Lochem 0-0: Ball
1-0: Swinging Strike
Passed Ball!
Arturo Scantlebury to second
1-1: 2-RUN HOME RUN (Flyball, 9D), Distance : 370 ft
Batting: RHB Brian Moring 0-0: Ground out 5-3 (Groundball, 56)
Batting: LHB Bartholomew Bailey 0-0: Ball
1-0: Called Strike
1-1: Swinging Strike
1-2: Ball
2-2: Ball
3-2: Foul Ball, location: 2F
3-2: Ground out 6-3 (Groundball, 6M)
Bottom of the 5th over - 2 runs, 1 hit, 1 error, 0 left on base; Springfield 3 - Chesapeake 6
TOP OF THE 6TH
Springfield Shooters batting - Pitching for Chesapeake Continentals : RHP Andrew Prieto
Batting: LHB Marshall Willis 0-0: Ball
1-0: Foul Ball, location: 2F
1-1: DOUBLE (Flyball, 8LXD)
Batting: RHB Fletcher Megarity 0-0: Ground out 6-3 (Groundball, 6)
Batting: RHB Barrett Drury 0-0: Called Strike
0-1: Called Strike
0-2: Ball
1-2: Foul Ball, location: 2F
1-2: Ground out 1-3 (Groundball, P)
Marshall Willis to third
Batting: RHB Tony Martínez 0-0: Ball
1-0: Fly out, F4 (Popup, 34D)
Top of the 6th over - 0 runs, 1 hit, 0 errors, 1 left on base; Springfield 3 - Chesapeake 6
BOTTOM OF THE 6TH
Chesapeake Continentals batting - Pitching for Springfield Shooters : RHP Tony DeWitt
Pitching: LHP Marcus Blakely
Batting: LHB Mathias Gudmestad 0-0: Ball
1-0: Called Strike
1-1: Swinging Strike
1-2: Strikes out swinging
Batting: RHB Otton Dis 0-0: Called Strike
0-1: Ball
1-1: Ball
2-1: Ball
3-1: Foul Ball, location: 2F
3-2: Strikes out looking
Batting: RHB Phil Oostermeer 0-0: Foul Ball, location: 2F
0-1: Ball
1-1: Foul Ball, location: 2F
1-2: Ball
2-2: Foul Ball, location: 2F
2-2: Ball
3-2: Strikes out swinging
Bottom of the 6th over - 0 runs, 0 hits, 0 errors, 0 left on base; Springfield 3 - Chesapeake 6
TOP OF THE 7TH
Springfield Shooters batting - Pitching for Chesapeake Continentals : RHP Andrew Prieto
Batting: RHB Miguel Elías 0-0: SINGLE (Line Drive, 56D)
Batting: RHB Stephen Chávez 0-0: Ball
1-0: Foul Ball, location: 2F
1-1: Called Strike
1-2: Foul Ball, location: 2F
1-2: Strikes out swinging
Batting: RHB Young-hoon Im 0-0: Ball
1-0: Ball
2-0: Foul Ball, location: 2F
2-1: Ball
3-1: Grounds into double play, 6-4-3 (Groundball, 6)
Top of the 7th over - 0 runs, 1 hit, 0 errors, 0 left on base; Springfield 3 - Chesapeake 6
BOTTOM OF THE 7TH
Chesapeake Continentals batting - Pitching for Springfield Shooters : LHP Marcus Blakely
Batting: RHB Santiago Valentín 0-0: Foul Ball, location: 2F
0-1: Fly out, F8 (Line Drive, 8LM)
Batting: RHB Dani Durán 0-0: Called Strike
0-1: SINGLE (Groundball, 6MD)
Batting: RHB Arturo Scantlebury 0-0: Ball
1-0: Called Strike
1-1: Ball
2-1: Swinging Strike
2-2: Fly out, F7 (Flyball, 7S)
Batting: SHB Peer van Lochem 0-0: Called Strike
0-1: Called Strike
0-2: SINGLE (Line Drive, 89M)
Dani Durán to second
Runner from 2nd tries for 3rd, SAFE, no throw
Batting: RHB Brian Moring 0-0: Swinging Strike
0-1: Swinging Strike
0-2: Strikes out swinging
Bottom of the 7th over - 0 runs, 2 hits, 0 errors, 2 left on base; Springfield 3 - Chesapeake 6
TOP OF THE 8TH
Springfield Shooters batting - Pitching for Chesapeake Continentals : RHP Andrew Prieto
Batting: RHB Sébastien Bernard 0-0: Ball
1-0: Ground out 3-1 (Groundball, 34S)
Batting: RHB Eun-bum Kim 0-0: Ball
1-0: Called Strike
1-1: Fly out, F7 (Flyball, 7S)
Batting: LHB Marshall Willis 0-0: DOUBLE (Groundball, 3L) - OUT at third base trying to stretch hit.
Top of the 8th over - 0 runs, 1 hit, 0 errors, 0 left on base; Springfield 3 - Chesapeake 6
BOTTOM OF THE 8TH
Chesapeake Continentals batting - Pitching for Springfield Shooters : LHP Marcus Blakely
Batting: LHB Bartholomew Bailey 0-0: Swinging Strike
0-1: Ball
1-1: Called Strike
1-2: Foul Ball, location: 2F
1-2: Strikes out looking
Batting: LHB Mathias Gudmestad 0-0: Ball
1-0: SINGLE (Line Drive, 34D)
Batting: RHB Otton Dis 0-0: Grounds into double play, 5-4-3 (Groundball, 56)
Bottom of the 8th over - 0 runs, 1 hit, 0 errors, 0 left on base; Springfield 3 - Chesapeake 6
TOP OF THE 9TH
Springfield Shooters batting - Pitching for Chesapeake Continentals : RHP Andrew Prieto
Pitching: LHP Francisco Torres
Batting: RHB Fletcher Megarity 0-0: Called Strike
0-1: Ball
1-1: Ground out 6-3 (Groundball, 6M)
Batting: RHB Barrett Drury 0-0: Called Strike
0-1: Ball
1-1: Swinging Strike
1-2: Ball
2-2: Ball
3-2: Strikes out looking
Batting: RHB Tony Martínez 0-0: Foul Ball, location: 2F
0-1: Ball
1-1: Foul Ball, location: 2F
1-2: Ground out 5-3 (Groundball, 56)
Top of the 9th over - 0 runs, 0 hits, 0 errors, 0 left on base; Springfield 3 - Chesapeake 6
Tuesday, June 12th, 2018 - OOTP Baseball 18.8 Build 76